 Dungeon Crawl Stone Soup version 0.30.1-11-g7821555f0a (webtiles) character file.

Game seed: 2012548412386384237

49 porpoise the Shooter (level 3, 0/29 HPs)
             Began as a Barachi Hunter on Jan 16, 2024.
             Slain by a goblin
             ... wielding a +0 club
             ... led by Robin
              (5 damage)
             ... on level 1 of the Dungeon.
             The game lasted 00:04:03 (1191 turns).

porpoise the Shooter (Barachi Hunter)               Turns: 1191, Time: 00:04:10

Health: 0/29       AC:  5    Str: 12    XL:     3   Next: 75%
Magic:  3/3        EV: 11    Int:  9    God:
Gold:   104        SH:  0    Dex: 17    Spells: 2/2 levels left

rFire   . . .        a - +0 shortbow
rCold   . . .        (shield currently unavailable)
rNeg    . . .        g - +0 ring mail
rPois   .            (no helmet)
rElec   .            (no cloak)
rCorr   .            (no gloves)
SInv    .            (no boots)
Will    .....        (no amulet)
Stlth   +            (no ring)
HPRegen 0.24/turn    (no ring)
MPRegen 0.08/turn

%: no passive effects
@: slow
A: amphibious, slowness 1, strong legs 1, +LOS
a: Hop


You were on level 1 of the Dungeon.
You visited 1 branch of the dungeon, and saw 2 of its levels.

You collected 104 gold pieces.

Inventory:

Hand Weapons
 a - a +0 shortbow (weapon)
Armour
 g - a +0 ring mail (worn)
Jewellery
 m - a ring of ice
Scrolls
 b - a scroll of immolation
 d - 3 scrolls of blinking {unknown}
 e - a scroll of magic mapping {unknown}
Potions
 c - 2 potions of might {unknown}
 f - a potion of curing {unknown}
 h - a potion of mutation {unknown}
 i - a potion of ambrosia {unknown}
 j - 2 potions of flight {unknown}
 k - a potion of brilliance {unknown}
 l - a potion of haste {unknown}


   Skills:
 + Level 3.2 Fighting
 * Level 4.7 Ranged Weapons
 + Level 1.2 Armour
 - Level 2.1 Dodging
 - Level 0.8 Stealth


You had 2 spell levels left.
You didn't know any spells.
Your spell library contained the following spells:

 Spells                   Type           Power      Damage    Failure   Level
 Ensorcelled Hibernation  Hex/Ice        0%         N/A       80%         2
 Spider Form              Tmut/Pois      0%         N/A       95%         3
 Anguish                  Hex/Necr       0%         N/A       100%        4


Dungeon Overview and Level Annotations

Branches:
Dungeon (2/15)

Altars:

Annotations:
D:1 Robin


Innate Abilities, Weirdness & Mutations

You are amphibious.
You cover ground slowly.
You can hop short distances.
You have an extended range of vision and can be seen from far away.


Message History

The goblin is moderately wounded.
The goblin hits you but does no damage.
You shoot an arrow. The arrow misses the goblin.
The goblin barely misses you.
You shoot an arrow. The arrow closely misses the goblin.
The goblin hits you with a +0 dagger. The goblin hits you but does no damage.
You shoot an arrow. The arrow hits the goblin.
You kill the goblin!
You start resting.
HP restored.
You climb downwards.
Level annotation: Robin Robin barely misses you.
Robin hits you but does no damage. The hobgoblin hits you.
There is a stone staircase leading up here.
The goblin hits you but does no damage.
Robin roars a battlecry!
The goblins go into a battle-frenzy!
The hobgoblin misses you.
You climb upwards.
There is a stone staircase leading down, spattered with blood here.
You shoot an arrow.
The arrow hits Robin but does no damage.
The hobgoblin closely misses you. The goblin hits you with a +0 club.
You shoot an arrow. The arrow hits Robin.
Robin is lightly wounded.
Robin hits you with a +0 club. The hobgoblin hits you.
The goblin hits you with a +0 club. Robin misses you.
The hobgoblin hits you but does no damage.
The goblin barely misses you.
You shoot an arrow. The arrow barely misses Robin.
Robin hits you but does no damage. The hobgoblin barely misses you.
The goblin hits you with a +0 club.
* * * LOW HITPOINT WARNING * * *
You shoot an arrow. The arrow hits Robin.
Robin is heavily wounded.
Robin says, "Kneel, worm!"
Robin hits you with a +0 club.
* * * LOW HITPOINT WARNING * * *
The hobgoblin hits you but does no damage.
The goblin hits you with a +0 club.
You die...

#.######.###########.......
#.# #...........#.......
#.# #.#########.#.......
#.# ### #.#....... #.#
############.#....... #.#
#............#....... #.#
#.###..........###.#. #.#
#.##gg######..[.##... #.#
#.##@g...# #.##.##..# #.#
#.######.# #.##'##..#
##.#####.# ##.###.........
#.....##.# #...##.......8.
#####.##.# #...##.........
#.##.# #.............#
#.##.######..#####.##..#
#.##....................
#.##..######.####.######


You could see Robin, a hobgoblin (strong) and a goblin (strong).

Vanquished Creatures
  2 dart slugs (D:1)
  3 ball pythons (D:1)
  4 endoplasms (D:1)
  A giant cockroach (D:1)
  6 goblins
  4 hobgoblins (D:1)
  7 jackals (D:1)
  5 kobolds (D:1)
  A quokka (D:1)
  2 bats (D:1)
  2 frilled lizards (D:1)
  2 rats (D:1)
39 creatures vanquished.

Notes
Turn   | Place    | Note
-------+----------+-------------------------------------------
     0 | D:1      | porpoise the Barachi Hunter began the quest for the Orb.
     0 | D:1      | Reached XP level 1. HP: 17/17 MP: 1/1
   100 | D:1      | Reached XP level 2. HP: 23/23 MP: 2/2
   442 | D:1      | Reached XP level 3. HP: 27/29 MP: 3/3
   450 | D:1      | Reached skill level 1 in Armour
   872 | D:1      | Found a faded altar of an unknown god.
  1150 | D:2      | Noticed Robin
  1191 | D:1      | Slain by a goblin

Illustrated notes

Levels and vault maps discovered:
D:1:      grunt_arrival_crossed_arrows, layout_basic,
          dilly_ecumenical_altar_fadedgnrine
D:2:      layout_loops_cross, serial_shops, shop, shop_statue, basic_altar,
          uniq_robin

Skill      XL: |  1  2  3 |
---------------+----------+-----
Fighting       | 3 |  3.2
Armour         | 1 |  1.2
Ranged Weapons | |  4.7
Dodging        | |  2.1
Stealth        | |  0.8

Action                     || total
---------------------------++-------
   Fire: Shortbow          ||   109
 Armour: Ring mail         ||    26
  Dodge: Dodged            ||    52
